[Event "Esbjerg Efterår 2021 - Esbjergmesterskabet"]
[Site "Esbjerg, Denmark"]
[Date "2021.10.22"]
[Round "3.1"]
[White "Pedersen, Nicolai Vesterbæk"]
[Black "Bønnelykke, Ole"]
[Result "1-0"]
[TimeControl "1.-3. 20 min + 5 sek, 4.-7. 90 min + 30 sek"]
[WhiteElo "2343"]
[BlackElo "1991"]

1. c4 e5 2. Nc3 Nc6 3. Nf3 g6 4. h4 h6 5. e3 Bg7 6. d4 d6 7. dxe5 Nxe5 8. Nxe5 dxe5 9. Qxd8+ Kxd8 10.
b3 c6 11. Ba3 Bf5 12. O-O-O+ Ke8 13. Bd3 Nf6 14. Bxf5 gxf5 15. Rh3 e4 16. f3 Nd7 17. Kc2 Bxc3 18. Kxc3 Ne5 19. Rd4 Rg8 20.
fxe4 Rxg2 21. exf5 Rd8 22. Bd6 f6 23. a4 Nf7 24. Bf4 Rxd4 25. Kxd4 h5 26. a5 Kd7 27. Bb8 a6 28. Bf4 Rb2 29. Kc3 Rg2 30. Rg3 Ra2 31.
b4 Ne5 32. Rg7+ Kd6 33. Rf7 Ra3+ 34. Kb2 Rxe3 35. Rxf6+ Kd7 36. Bxe3 Nxc4+ 37. Kc3 1-0

[Event "Esbjerg Efterår 2021 - Esbjergmesterskabet"]
[Site "Esbjerg, Denmark"]
[Date "2021.10.22"]
[Round "3.2"]
[White "Eriksson, Christian Altenburg"]
[Black "Rødgaard, John"]
[Result "0-1"]
[TimeControl "1.-3. 20 min + 5 sek, 4.-7. 90 min + 30 sek"]
[WhiteElo "2135"]
[BlackElo "2319"]

1. e4 e6 2. d4 d5 3. Bd3 dxe4 4. Bxe4 Nf6 5. Bf3 c5 6. Ne2 Nc6 7. Be3 Nd5 8. Bxd5 Qxd5 9. Nbc3 Qc4 10.
b3 Qa6 11. dxc5 Bd7 12. O-O Rd8 13. Qd3 Qxd3 14. cxd3 Nb4 15. d4 Bc6 16. Rfd1 Be7 17. a3 Nc2 18. Ra2 Nxe3 19. fxe3 f5 20.
b4 Kf7 21. b5 Bd7 22. a4 g5 23. Kf2 Kg6 24.
Rc2 Bf6 25. d5 exd5 26. Nxd5 Be6 27. Rcd2 Rc8 28. Nxf6 Kxf6 29. Rc1 Rhd8 30. Nd4 Bd5 31. c6 bxc6 32. Nxc6 Bxc6 33. Rxd8 Rxd8 34.
Rxc6+ Ke5 35. Ke2 Rd7 36. g3 g4 37.
a5 Rd5 38. Ra6 Rxb5 39. Rxa7 Rb2+ 40. Kd3 Rxh2 41. a6 Ra2 42. Re7+ Kd5 43. a7 Ra3+ 44. Kd2 h5 45. Rh7 Ke4 46.
Rf7 Ra2+ 47. Kc3 Kxe3 48. Kb3 Ra1 49. Kb2 Ra5 50. Kc3 h4 51. gxh4 g3 52. h5 g2 53. Rg7 Kf2 54. h6 Rxa7 55. Rxa7 g1=Q 56. h7 Qe1+ 57. Kb3 Qe3+ 58. Kc2 Qh3 59. Rf7 Ke3 60.
Kc3 f4 61. Re7 Kf2+ 62. Kd4 f3 63. Rf7 Qh4+ 64. Kd3 Qh5 65. Ke4 Ke2 66. Kf4 Qxf7+ {ej færdigspillet} 0-1

[Event "Esbjerg Efterår 2021 - Esbjergmesterskabet"]
[Site "Esbjerg, Denmark"]
[Date "2021.10.22"]
[Round "3.3"]
[White "Jensen, Henrik Tranberg"]
[Black "Medhus, Vitus Bondo"]
[Result "0-1"]
[TimeControl "1.-3. 20 min + 5 sek, 4.-7. 90 min + 30 sek"]
[WhiteElo "1960"]
[BlackElo "1875"]

1. d4 Nf6 2. c4 c5 3. d5 b5 4. e3 b4 5. Nf3 g6 6. Bd3 Bg7 7. O-O O-O 8. Nbd2 d6 9. h3 a5 10.
e4 a4 11. Rb1 Bd7 12. Re1 Qc8 13. e5 Nh5 14. exd6 exd6 15. Ne4 Ra6 16. Bg5 f6 17. Bd2 f5 18. Neg5 h6 19. Ne6 Bxe6 20.
Rxe6 Rf6 21. Re2 Nd7 22. Qe1 Rf8 23. Nh4 Ne5 24. Rxe5 dxe5 25. Nxg6 0-1

[Event "Esbjerg Efterår 2021 - Esbjergmesterskabet"]
[Site "Esbjerg, Denmark"]
[Date "2021.10.22"]
[Round "3.4"]
[White "Mortensen, Henrik"]
[Black "Marcussen, Claus"]
[Result "1-0"]
[TimeControl "1.-3. 20 min + 5 sek, 4.-7. 90 min + 30 sek"]
[WhiteElo "1991"]
[BlackElo "1543"]

1. d4 f5 2. g3 Nf6 3. Bg2 e6 4.
c4 c6 5.
Nc3 d5 6. Nf3 Bd6 7. Bf4 O-O 8. O-O Qc7 9. Bxd6 Qxd6 10. Ne5 Nbd7 11. Nxd7 Bxd7 12. c5 Qe7 13. f3 e5 14. e3 Rae8 15.
Re1 h6 16. Qd2 Nh7 17. b4 e4 18. f4 g5 19. b5 Rb8 20. Rab1 Qe8 21. a4 Nf6 22. Rb4 Qd8 23. Reb1 g4 24.
Bf1 Qc7 25. b6 axb6 26. Rxb6 Bc8 27. a5 Ra8 28. Na4 Nd7 29. a6 bxa6 30. R6b2 a5 31. Nb6 Ra7 32. Ra1 Bb7 33. Rxa5 Rxa5 34.
Qxa5 Ra8 35. Qb4 Ra1 36. Kf2 Nb8 37. Nxd5 cxd5 38. Qxb7 Qxb7 39. Rxb7 Ra2+ 40. Be2 Ra8 1-0

[Event "Esbjerg Efterår 2021 - Esbjergmesterskabet"]
[Site "Esbjerg, Denmark"]
[Date "2021.10.22"]
[Round "3.5"]
[White "Husum, Lars"]
[Black "Pedersen, Lars Wilton"]
[Result "1-0"]
[TimeControl "1.-3. 20 min + 5 sek, 4.-7. 90 min + 30 sek"]
[WhiteElo "1876"]
[BlackElo "1991"]

1. d4 d5 2. Bf4 c5 3. e3 Nc6 4. c3 Nf6 5. Nd2 Qb6 6. Rb1 Bf5 7. dxc5 Qxc5 8. Nb3 Qb6 9. Bd3 Bxd3 10.
Qxd3 e5 11. Bg5 Rd8 12. Bxf6 gxf6 13. Ne2 a6 14. Qf5 Ne7 15. Qc2 h5 16. Rd1 f5 17. c4 dxc4 18. Rxd8+ Qxd8 19. Qxc4 Qd5 20.
Qc7 f6 21. f3 Nc6 22. Qxb7 Bb4+ 23. Kf2 Rg8 24. Rc1 Ne7 25. Qxb4 h4 26. Nc3 Qd7 27. Rd1 Qe6 28. Nc5 Qc6 29. Nb7 h3 30. Rd8+ Kf7 31. Rxg8 Nxg8 32. Nd8+ {færdig} 1-0

[Event "Esbjerg Efterår 2021 - Esbjergmesterskabet"]
[Site "Esbjerg, Denmark"]
[Date "2021.10.22"]
[Round "3.6"]
[White "Bekmuhanov, Sauran"]
[Black "Jarlnæs, Erik"]
[Result "0-1"]
[TimeControl "1.-3. 20 min + 5 sek, 4.-7. 90 min + 30 sek"]
[WhiteElo "1623"]
[BlackElo "1952"]

1. e4 e6 2. d4 d5 3. exd5 exd5 4. c4 Nc6 5. Nc3 Bb4 6. Nf3 Nge7 7. a3 Bxc3+ 8.
bxc3 Bg4 9. Bf4 h6 10. Bd3 O-O 11. O-O Ng6 12. Bg3 dxc4 13. Bxc4 Na5 14. Be2 Re8 15. Rb1 b6 16. h3 Bf5 17. Bd3 Qd7 18. Qc2 Bxd3 19. Qxd3 c5 20. Rfd1 cxd4 21.
cxd4 Rac8 22. d5 Nb7 23. Rbc1 Nc5 24. Qb1 Rcd8 25. Qb4 Qf5 26. Qc4 Re4 27. Qa2 Nf4 28. Rc2 Nfd3 29. Bc7 Rxd5 30. Re2 Rxe2 31. Qxe2 Qd7 32.
Bg3 Ne6 33. Kh2 Ndf4 34. Rxd5 Qxd5 35. Bxf4 Nxf4 36. Qe8+ Kh7 37. Qe7 a5 38. Qc7 Nd3 39. Qxb6 Ne5 40. Qb2 Nxf3+ 41. gxf3 Qxf3 42.
Qc2+ g6 43. Qa2 Qf4+ 44. Kg2 Kg7 45.
f3 a4 46. Qc2 h5 47. Qb2+ Kh7 48. Qc2 h4 49. Qf2 g5 50. Qe1 Kh6 51. Qf2 f6 52. Qe1 Kg6 53. Qb1+ Qf5 54. Qd1 Qb5 55. Qc2+ Kh6 56. Qd2 Qb3 57.
Qc1 Qa2+ 58. Kg1 Qe2 59. Qa1 Qxf3 60. Kh2 Qf2+ 61. Kh1 Kg6 62. Qb1+ Qf5 63. Qa1 Qxh3+ 64. Qd1 0-1

[Event "Esbjerg Efterår 2021 - Esbjergmesterskabet"]
[Site "Esbjerg, Denmark"]
[Date "2021.10.22"]
[Round "3.7"]
[White "Jensen, Lars"]
[Black "Vinther, Christoffer"]
[Result "1-0"]
[TimeControl "1.-3. 20 min + 5 sek, 4.-7. 90 min + 30 sek"]
[WhiteElo "1546"]
[BlackElo "1607"]

1. e4 c5 2. Nc3 Nc6 3. f4 e6 4.
Nf3 a6 5. Be2 b5 6. O-O Nf6 7. d3 Be7 8. Qe1 O-O 9. Qg3 d5 10. e5 Nd7 11. Nd1 Bb7 12. Ne3 d4 13. Ng4 Nb4 14.
Bd1 f6 15. Nh6+ Kh8 16. exf6 Rxf6 17. Ng4 Rg6 18. Re1 Nf6 19. Nfe5 Qd5 20. Nxg6+ hxg6 21. Nxf6 1-0

[Event "Esbjerg Efterår 2021 - Esbjergmesterskabet"]
[Site "Esbjerg, Denmark"]
[Date "2021.10.22"]
[Round "3.8"]
[White "Christensen, Joel Nødskov"]
[Black "Schou-Jørgensen, Jan"]
[Result "1/2-1/2"]
[TimeControl "1.-3. 20 min + 5 sek, 4.-7. 90 min + 30 sek"]
[WhiteElo "1404"]
[BlackElo "1722"]

1. d4 d5 2. e3 Nf6 3. c4 c6 4. Nc3 Bf5 5. Nf3 e6 6. a3 Nbd7 7. cxd5 exd5 8. Bd3 Bg6 9. Qc2 Bd6 10.
O-O O-O 11. h3 Re8 12. Bxg6 hxg6 13. b4 a5 14. Bb2 axb4 15. axb4 Bxb4 16. Qb3 Bxc3 17. Bxc3 Qb6 18. Qc2 Ne4 19.
Rab1 Qc7 20. Rb2 Ra3 21. Bb4 Ra6 22. Rfb1 Rea8 23. Bc3 b5 24. Bb4 Nb6 25. Ne5 Nc4 26. Nxc4 bxc4 27. Be1 R6a7 28.
f3 Nd6 29. Bb4 Nb5 30. Bc5 Ra1 31. Kf2 Rxb1 32. Rxb1 Qa5 33.
Bb4 Qa4 34. Rb2 Qxc2+ 35. Rxc2 Ra4 36. Bc5 c3 37. Kg3 Rc4 38. h4 Nc7 39. Bb6 Ne6 40. Ba5 c5 41. dxc5 Rxc5 42. Bb6 Rb5 43. Ba7 Rb3 44. f4 f5 45.
Kf3 Nc7 46. Bd4 Nb5 47. Bc5 Rb2 48. Rc1 c2 49. g3 Nc3 50. Bd4 Rb3 51. Rxc2 Ne4 52. Rc8+ Kf7 53. Rc7+ Ke6 54. Rxg7 Rb1 55.
Rxg6+ Kd7 56. Rb6 Rf1+ 57. Kg2 Rf2+ 58. Kh3 Rf3 59. Rb7+ Kc6 60. Rg7 Kb5 61. h5 Rf1 62. Kg2 Rf2+ 63.
Kh3 Rf1 64. Kg2 Rf2+ 1/2-1/2

[Event "Esbjerg Efterår 2021 - Esbjergmesterskabet"]
[Site "Esbjerg, Denmark"]
[Date "2021.10.22"]
[Round "3.9"]
[White "Dybdal, Frank"]
[Black "Pommerencke, Lars"]
[Result "1-0"]
[TimeControl "1.-3. 20 min + 5 sek, 4.-7. 90 min + 30 sek"]
[WhiteElo "1687"]
[BlackElo "1630"]

1. c4 c5 2. Nc3 Nc6 3. e4 d6 4. g3 Nf6 5. Bg2 Bg4 6. f3 Bh5 7. Nge2 e6 8. O-O Be7 9. Nf4 Bg6 10.
Nce2 Nh5 11. d3 Bf6 12. Rb1 Nxf4 13. Bxf4 Nd4 14. Nc3 h5 15. Be3 a6 16. f4 Rb8 17. Ne2 h4 18. g4 h3 19.
Bh1 Nxe2+ 20. Qxe2 Bd4 21. Bxd4 cxd4 22. b4 Qh4 23. Bf3 Kd7 24. a4 f5 25. a5 fxg4 26. Bxg4 Bh5 27. Bxh5 Rxh5 28.
Qf2 Qf6 29. Rbe1 Rf8 30. Qf3 Rh6 31. e5 dxe5 32. Qxb7+ Ke8 33. Rxe5 Rg6+ 34. Kh1 Qxe5 35. Qc8+ Ke7 36. Qxf8+ Kxf8 37.
fxe5+ Ke7 38. Rf3 Rg5 39. Rxh3 Rxe5 40. Rg3 Kf7 41. c5 Re1+ 42.
Kg2 Rb1 43. Kf3 Rxb4 44. Ke4 Ra4 45. c6 Rxa5 46. Kxd4 Rd5+ 47. Kc4 Rd8 48. d4 Rc8 49. Kc5 a5 50. Ra3 Kf6 51. Rxa5 g5 52.
Ra3 Kf5 53. Kb6 Ke4 54. Kb7 Rh8 55. Ra2 Kxd4 56. c7 Ke4 57. c8=Q Rxc8 58. Kxc8 e5 59. Kd7 Kf3 60. Ke6 e4 61.
Kf5 g4 62. Ra3+ e3 63. Rxe3+ Kxe3 64.
Kxg4 Ke4 65. h4 Ke5 66. Kg5 Ke6 67. Kg6 Ke7 68. Kg7 1-0

[Event "Esbjerg Efterår 2021 - Esbjergmesterskabet"]
[Site "Esbjerg, Denmark"]
[Date "2021.10.22"]
[Round "3.10"]
[White "Bisercic, Zlatan"]
[Black "Jensen, Lucas"]
[Result "1-0"]
[TimeControl "1.-3. 20 min + 5 sek, 4.-7. 90 min + 30 sek"]
[WhiteElo "1300"]
[BlackElo "1372"]

1. e4 c6 2. f4 d5 3. d3 dxe4 4. dxe4 Qxd1+ 5. Kxd1 Bg4+ 6. Nf3 Nd7 7. Be3 O-O-O 8. Bd3 Ndf6 9. Ke2 e6 10.
h3 Bxf3+ 11. Kxf3 g6 12. Bxa7 Ne7 13. Nd2 Bg7 14. Nc4 Nd7 15. Nd6+ Kc7 16. Nxf7 Rdf8 17. Nxh8 b6 18. Bxb6+ Nxb6 19.
Nxg6 hxg6 20. c3 e5 21. g3 g5 22. f5 Nd7 23. b4 Rb8 24. a4 Ra8 25. a5 c5 26. b5 Nb8 27. c4 Ng8 28.
h4 gxh4 29. Rxh4 Nf6 30. g4 Nbd7 31. g5 Ne8 32. Ke3 Kd6 33. b6 Ra6 34. f6 Bxf6 35. gxf6 Nexf6 36. Rh6 Kc6 37. Be2 Kb7 38.
Rg6 Ne8 39. Re6 Ng7 40. Rh6 1-0